 Dungeon Crawl Stone Soup version 0.29.1-13-g9f3cf754e1 (webtiles) character file.

Game seed: 17043477878758924831

36 CungeonDrawl the Firebug (level 3, 24/24 HPs)
             Began as a Demonspawn Fire Elementalist on Jan 26, 2023.
             Quit the game on level 2 of the Dungeon.
             The game lasted 00:04:59 (1621 turns).

CungeonDrawl the Firebug (DsFE)                     Turns: 1621, Time: 00:05:00

Health: 24/24      AC:  5    Str:  8    XL:     3   Next: 19%
Magic:  1/6        EV: 12    Int: 18    God:
Gold:   65         SH:  0    Dex: 13    Spells: 6/7 levels left

rFire   + . .      SeeInvis .   h - +0 short sword
rCold   . . .      Faith    .   (no shield)
rNeg    . . .      Spirit   .   a - +0 robe
rPois   .          Reflect  .   (no helmet)
rElec   .          Harm     .   d - +0 cloak
rCorr   .          Rampage  .   (no gloves)
Will    .....                   (no boots)
Stlth   ++........              (no amulet)
HPRegen 0.08/turn               c - ring of fire
MPRegen 0.10/turn               g - ring of protection from cold

@: very slightly contaminated
A: slimy green scales 1, foul stench 1
a: no special abilities


You were on level 2 of the Dungeon.
You visited 1 branch of the dungeon, and saw 2 of its levels.

You collected 65 gold pieces.

Inventory:

Hand Weapons
 h - a +0 short sword (weapon)
Missiles
 o - 10 poisoned darts
Armour
 a - a +0 robe (worn)
 d - a +0 cloak (worn)
Jewellery
 c - a ring of fire (left hand)
 g - a ring of protection from cold (right hand)
Scrolls
 e - a scroll of enchant armour {unknown}
 f - a scroll of noise {unknown}
 i - a scroll of teleportation {unknown}
 j - a scroll of identify {unknown}
 m - a scroll of fear {unknown}
 q - a scroll of poison {unknown}
Potions
 b - a potion of magic
 k - a potion of ambrosia {unknown}
 l - a potion of heal wounds {unknown}
 n - a potion of degeneration {unknown}
 p - 2 potions of haste {unknown}


   Skills:
 - Level 1.7 Dodging
 - Level 1.7 Stealth
 + Level 2.5 Spellcasting
 + Level 1.9 Conjurations
 + Level 3.1 Fire Magic


You had 6 spell levels left.
You knew the following spells:

 Your Spells              Type           Power      Damage    Failure   Level
a - Foxfire               Conj/Fire      68%        2x1d7     6%          1

Your spell library contained the following spells:

 Spells                   Type           Power      Damage    Failure   Level
 Scorch                   Fire           40%        2d7       7%          2
 Conjure Flame            Conj/Fire      17%        6-21      19%         3
 Poisonous Vapours        Pois/Air       4%         N/A       26%         2
 Inner Flame              Hex/Fire       12%        N/A       26%         3
 Flame Wave               Conj/Fire      17%        2d7       52%         4
 Corpse Rot               Necr/Pois/Air  2%         N/A       86%         4


Dungeon Overview and Level Annotations

Branches:
Dungeon (2/15)

Altars:


Innate Abilities, Weirdness & Mutations

You are partially covered in slimy green scales. (AC +2)
You may rarely emit foul miasma when damaged in melee.


Message History

You barely miss the quokka.
The quokka is severely wounded.
The foxfire hits the quokka.
You kill the quokka!
Your magical contamination has completely faded away.
Your foxfire dissipates!
There is a shaft here.
Found a falchion.
o - 10 poisoned darts (gained 6)
You now have 65 gold pieces (gained 9).
A bat comes into view.
You feel a surge of power!
You conjure some foxfire!
You feel a surge of power!
You conjure some foxfire!
The foxfire hits the bat.
The bat is severely wounded.
The foxfire hits the bat.
You kill the bat!
Your foxfire dissipates!
An adder comes into view.
Found 12 gold pieces and a scroll labelled EVVOFI OHOSH.
You feel a surge of power!
You conjure some foxfire!
The adder hisses angrily.
You feel a surge of power!
You conjure some foxfire!
The foxfire hits the adder.
The adder is moderately wounded.
The foxfire hits the adder.
The adder is heavily wounded.
You feel a surge of power!
You conjure some foxfire!
You feel a surge of power!
You miscast Foxfire.
You are very lightly contaminated with residual magic.
Nothing appears to happen.
The foxfire hits the adder.
The adder is severely wounded.
The foxfire hits the adder.
You kill the adder!
You have reached level 3!
Your experience leads to an increase in your attributes!
Increase (S)trength, (I)ntelligence, or (D)exterity?
You feel clever. x2; Your demonic ancestry asserts itself...
You begin to emit a foul stench of rot and decay.
Unknown command.
Are you sure you want to abandon this character and quit the game? (Confirm with "yes".)

#. ....# #? #.##.# ## #.
#.##.### #. #. #......##
#. . #. #.......# #. .).
#v #.##.#..# #.
.....#v###..#....# #.
......§@......##†######.
.....)§§.......^........
......####....##.######.
.....# #.......# #.
$...# ####.#### #. ...#
#.# #. ... #.# #. #. #.#
#. #. #.


There were no monsters in sight!

Vanquished Creatures
  2 adders (D:2)
  A ball python (D:2)
  An endoplasm (D:1)
  3 goblins
  2 hobgoblins (D:1)
  2 kobolds (D:2)
  2 quokkas
  2 bats
  A rat (D:2)
16 creatures vanquished.

Vanquished Creatures (others)
  57 foxfires
  A fungus (D:1)
58 creatures vanquished.

Grand Total: 74 creatures vanquished

Notes
Turn   | Place    | Note
-------+----------+-------------------------------------------
     0 | D:1      | CungeonDrawl the Demonspawn Fire Elementalist began the
                  | quest for the Orb.
     0 | D:1      | Reached XP level 1. HP: 13/13 MP: 3/3
   696 | D:1      | Found a faded altar of an unknown god.
   986 | D:1      | Gained mutation: You are partially covered in slimy green
                  | scales. (AC +2) [demonic ancestry]
   986 | D:1      | Reached XP level 2. HP: 19/19 MP: 0/5
  1267 | D:2      | Reached skill level 3 in Fire Magic
  1621 | D:2      | Gained mutation: You may rarely emit foul miasma when
                  | damaged in melee. [demonic ancestry]
  1621 | D:2      | Reached XP level 3. HP: 24/24 MP: 1/6
  1621 | D:2      | Quit the game

Illustrated notes

Levels and vault maps discovered:
D:1:      eino_arrival_tree_alley, layout_basic,
          shapermc_ecumenical_altar_ellora, corexii_leaking_fountain
D:2:      layout_loops_corners

Skill      XL: |  1  2 |
---------------+-------+-----
Fire Magic     | 3 |  3.1
Dodging        | |  1.7
Stealth        | |  1.7
Spellcasting   | |  2.5
Conjurations   | |  1.9

Action                   || total
-------------------------++-------
Melee: Short sword       ||    13
 Cast: Foxfire           ||    36
Armor: Robe              ||     2
Dodge: Dodged            ||    11
